 Dungeon Crawl Stone Soup version 0.27.0-1-g7a089689b8 (webtiles) character file.

Game seed: 14609304599048461797

3398 Leibowitz the Slicer (level 10, -11/61 HPs)
             Began as a Kobold Gladiator on Aug 6, 2021.
             Was a Priest of Dithmenos.
             Killed by divine providence
             ... invoked by an orc priest
              (13 damage)
             ... on level 8 of the Dungeon.
             The game lasted 00:23:15 (9165 turns).

Leibowitz the Slicer (Kobold Gladiator)             Turns: 9165, Time: 00:23:16

Health: -11/61     AC:  6    Str: 15    XL:     10   Next: 24%
Magic:  10/10      EV: 22    Int: 10    God:    Dithmenos [***...]
Gold:   350        SH:  0    Dex: 19    Spells: 9/9 levels left

rFire    . . .     SeeInvis .   a - +1 rapier
rCold    . . .     Faith    +   (shield restricted)
rNeg     + + +     Spirit   .   b - +0 leather armour
rPois    .         Reflect  .   g - +0 helmet "Jikhlixupt" {rN+ Str+3}
rElec    .         Harm     .   c - +1 cloak
rCorr    .         Rampage  .   (no gloves)
Will     .....                  (no boots)
Stlth    +++++++...             r - amulet "Haloaf" {Faith rN++}
HPRegen  0.20/turn              n - +4 ring of evasion
MPRegen  0.12/turn              (no ring)

@: wreathed by umbra
A: small, no large weapons, nightstalker 3
a: Renounce Religion, Shadow Step


You were on level 8 of the Dungeon.
You worshipped Dithmenos.
Dithmenos was most pleased with you.
You visited 2 branches of the dungeon, and saw 9 of its levels.
You also visited: Ossuary.

You collected 350 gold pieces.

Inventory:

Hand Weapons
 a - a +1 rapier (weapon)
Missiles
 e - 2 throwing nets (quivered)
Armour
 b - a +0 leather armour (worn)
 c - a +1 cloak (worn)
 g - the +0 helmet "Jikhlixupt" (worn) {rN+ Str+3}
   (You found it on level 6 of the Dungeon)

   Str:       It affects your strength (+3).
   rN:        It protects you from negative energy.
Jewellery
 m - an amulet of the acrobat
 n - a +4 ring of evasion (left hand)
 r - the amulet "Haloaf" (around neck) {Faith rN++}
   (You found it on level 6 of the Dungeon)

   [amulet of faith]

   It allows you to gain divine favour quickly.
   rN:        It greatly protects you from negative energy.
Wands
 d - a wand of flame (33)
 i - a wand of iceblast (9)
Scrolls
 f - 2 scrolls of enchant weapon
 j - a scroll of silence {unknown}
 l - a scroll of enchant armour
 p - a scroll of acquirement {unknown}
 u - a scroll of summoning
Potions
 h - 3 potions of flight {unknown}
 k - a potion of resistance {unknown}
 o - a potion of ambrosia
 q - 2 potions of brilliance {unknown}
 s - a potion of curing
 t - 2 potions of lignification {unknown}
 v - a potion of might {unknown}


   Skills:
 * Level 6.4 Fighting
 * Level 12.3 Short Blades
 - Level 2.1 Throwing
 + Level 2.3 Armour
 * Level 7.0 Dodging
 * Level 9.0 Stealth


You had 9 spell levels left.
You didn't know any spells.
Your spell library contained the following spells:

 Spells                   Type           Power      Damage    Failure   Level
 Ensorcelled Hibernation  Hex/Ice        0%         N/A       56%         2
 Call Canine Familiar     Summ           0%         N/A       80%         3
 Dazzling Flash           Conj/Hex       0%         N/A       80%         3
 Portal Projectile        Hex/Tloc       0%         N/A       80%         3
 Spider Form              Tmut/Pois      0%         N/A       80%         3
 Hailstorm                Conj/Ice       0%         3d3       99%         4
 Ice Form                 Ice/Tmut       0%         N/A       99%         4
 Iskenderun's Mystic Bla  Conj/Tloc      0%         2d3       99%         4
 Leda's Liquefaction      Hex/Erth       0%         N/A       99%         4
 Summon Lightning Spire   Summ/Air       0%         N/A       99%         4
 Shadow Creatures         Summ           N/A        N/A       100%        6
 Simulacrum               Ice/Necr       0%         N/A       100%        6
 Starburst                Conj/Fire      0%         8x6d3     100%        6
 Storm Form               Tmut/Air       0%         N/A       100%        7
 Maxwell's Capacitive Co  Air            0%         ∞         100%        8


Dungeon Overview and Level Annotations

Branches:
Dungeon (8/15)             Temple (1/1) D:5         Ossuary (visited)
   Lair: D:8-11

Altars:
Cheibriados
Dithmenos
Elyvilon
Fedhas
Gozag
Kikubaaqudgha
Nemelex Xobeh
Okawaru
Qazlal
Ru
Sif Muna
Uskayaw
Wu Jian
Yredelemnul
Zin

Shops:
D:3 ((=[


Innate Abilities, Weirdness & Mutations

You are small and have problems with some larger weapons.
You are completely attuned to the shadows.


Message History

You hit the orc warrior.
The orc warrior is heavily wounded.
The orc warrior misses you.
You hit the orc warrior but do no damage.
The orc warrior is heavily wounded.
The orc priest hits you with a +0 flail.
You hit the orc warrior but do no damage.
The orc warrior is heavily wounded.
The orc warrior completely misses you.
You hit the orc warrior.
The orc warrior is severely wounded.
The orc priest barely misses you.
You closely miss the orc warrior.
The orc warrior is severely wounded.
The orc warrior hits you with a +0 mace!
The orc priest completely misses you.
You hit the orc warrior but do no damage.
The orc warrior is severely wounded.
The orc warrior closely misses you.
You hit the orc warrior.
The orc warrior is severely wounded.
The orc priest invokes the aid of Beogh against you.
You are unaffected.
You hit the orc warrior.
The orc warrior is severely wounded.
The orc warrior hits you with a +0 mace!
* * * LOW HITPOINT WARNING * * *
You hit the orc warrior.
The orc warrior is almost dead.
The orc priest hits you with a +0 flail.
* * * LOW HITPOINT WARNING * * *
You hit the orc warrior but do no damage.
The orc warrior is almost dead.
The orc warrior hits you with a +0 mace!
* * * LOW HITPOINT WARNING * * *
You closely miss the orc warrior.
The orc warrior is almost dead.
The orc priest calls down the wrath of Beogh upon you.
Beogh smites you!
You die...

#...#####+#
#...'.....+
#...#.....#
#...#.....#.....
#...##....#.....
#...##....#......
#...#.....#......
#...#...o.#).....
##'###...@#......
#...##...o)......
#(...#....#......
#....#..).#......
#....#..).#####'#
###'###.))# .....
#...###...##....
#.....#.........
#.....#.........


You could see an orc warrior and an orc priest.

Vanquished Creatures
  A two-headed ogre (D:4)
  Grinder (D:3)
  A wraith (D:6)
  Purgy (D:4)
  2 orc warriors
  2 ice beasts (D:7)
  A black bear (D:7)
  2 ogres (D:5)
  A necrophage (D:6)
  2 centaurs
  2 phantoms
  An elf zombie (Ossuary)
  2 bullfrogs
  A gnoll sergeant (D:6)
  A water moccasin skeleton (D:6)
  A bullfrog zombie (D:7)
  A centaur zombie (D:7)
  A human zombie (Ossuary)
  A jelly (D:6)
  Crazy Yiuf (D:7)
  2 orc priests
  2 bullfrog skeletons (D:5)
  5 hounds
  3 iguanas
  3 orc wizards
  3 mummies
  A howler monkey zombie (D:6)
  10 gnolls
  5 adders
  A howler monkey skeleton (D:6)
  A shadow imp (D:5)
  3 white imps
  3 ufetubi
  2 adder zombies (Ossuary)
  4 dart slugs
  24 orcs
  5 endoplasms
  3 giant cockroaches
  8 goblins
  7 hobgoblins
  14 jackals
  3 quokkas
  2 ball pythons (D:1)
  6 bats
  3 frilled lizards
  2 goblin zombies (Ossuary)
  8 hobgoblin zombies (Ossuary)
  3 kobolds
  13 kobold zombies (Ossuary)
  7 orc zombies (Ossuary)
  23 rats
  2 rat zombies (Ossuary)
207 creatures vanquished.

Vanquished Creatures (collateral kills)
  A necrophage (D:6)
1 creature vanquished.

Vanquished Creatures (others)
  2 fungi (D:7)
  A plant (D:1)
3 creatures vanquished.

Grand Total: 211 creatures vanquished

Notes
Turn   | Place    | Note
-------+----------+-------------------------------------------
     0 | D:1      | Leibowitz the Kobold Gladiator began the quest for the Orb.
     0 | D:1      | Reached XP level 1. HP: 12/12 MP: 1/1
   110 | D:1      | Reached XP level 2. HP: 16/17 MP: 2/2
   491 | D:1      | Reached skill level 1 in Stealth
   566 | D:1      | Reached XP level 3. HP: 16/21 MP: 3/3
  1719 | D:2      | Reached XP level 4. HP: 27/27 MP: 4/4
  2003 | D:3      | Found Seufaeri's Weapon Shop.
  2061 | D:3      | Noticed Grinder
  2184 | D:3      | Reached skill level 5 in Short Blades
  2191 | D:3      | Reached XP level 5. HP: 14/31 MP: 5/5
  2408 | D:4      | Noticed an orc warrior
  2643 | D:3      | Paralysed by Grinder for 6 turns
  2684 | D:3      | Killed Grinder
  2685 | D:3      | Reached skill level 6 in Short Blades
  2685 | D:3      | Reached skill level 1 in Armour
  2685 | D:3      | Reached XP level 6. HP: 30/37 MP: 6/6
  2791 | D:3      | Found Feg Ner's Antique Armour Shoppe.
  2809 | D:3      | Found Gasaq's Jewellery Boutique.
  3116 | D:3      | Found Acus's Weapon Shoppe.
  3394 | D:4      | Noticed Purgy
  3419 | D:4      | Killed Purgy
  3420 | D:4      | Reached skill level 5 in Dodging
  3420 | D:4      | Reached skill level 5 in Stealth
  3420 | D:4      | Reached XP level 7. HP: 10/41 MP: 7/7
  3745 | D:4      | Reached skill level 7 in Short Blades
  4227 | D:4      | Found an opulent altar of Gozag.
  4906 | D:4      | Noticed a two-headed ogre
  4913 | D:4      | Killed a two-headed ogre
  4914 | D:4      | Reached skill level 9 in Short Blades
  4914 | D:4      | Reached XP level 8. HP: 48/48 MP: 8/8
  5352 | D:5      | Entered Level 5 of the Dungeon
  5485 | D:5      | Reached XP level 9. HP: 52/52 MP: 9/9
  5545 | D:5      | Reached skill level 10 in Short Blades
  5695 | D:5      | Found a staircase to the Ecumenical Temple.
  5701 | Temple   | Entered the Ecumenical Temple
  6118 | Temple   | Became a worshipper of Dithmenos the Shadowed
  6867 | D:6      | Identified the +0 helmet "Jikhlixupt" {rN+ Str+3}
  6902 | D:6      | Noticed a cyclops
  6903 | D:6      | Noticed a cyan ugly thing
  6917 | D:6      | Found an ornate altar of the Wu Jian Council.
  6962 | D:6      | Reached skill level 5 in Fighting
  7072 | D:6      | Reached * piety under Dithmenos
  7144 | D:6      | Reached skill level 11 in Short Blades
  7156 | D:6      | Found a sand-covered staircase.
  7170 | Ossuary  | Entered an ossuary
  7514 | Ossuary  | Reached ** piety under Dithmenos
  7835 | D:6      | Identified the amulet "Haloaf" {Faith rN++}
  8120 | D:7      | Reached XP level 10. HP: 35/60 MP: 10/10
  8143 | D:7      | Reached skill level 12 in Short Blades
  9023 | D:7      | Found a runed translucent door.
  9026 | D:7      | Noticed Crazy Yiuf
  9031 | D:7      | Killed Crazy Yiuf
  9102 | D:8      | Reached *** piety under Dithmenos
  9164 | D:8      | HP: 2/61 [orc warrior (9)]
  9165 | D:8      | Killed from afar by an orc priest

Illustrated notes

Levels and vault maps discovered:
D:1:      dpeg_arrival_simpleton_c, layout_basic, chequers_big_river
D:2:      layout_rooms, minmay_pentomino_r4
D:3:      layout_rooms, serial_shops, shop, shop, nicolae_shop_stone, shop,
          minmay_rat_hole, uniq_grinder
D:4:      layout_layer_cave, lemuel_doored_altar, kennysheep_dice, uniq_purgy
D:5:      layout_loops_ring, minmay_temple_entry_mini_moons
D:6:      hangedman_cross_stitches, layout_cave_pools,
          nzn_wu_jian_contemplation, minmay_overflow_temple_hex,
          gup_ossuary_entry_pyramid
D:7:      layout_cave_pools, small_statue_intersection, uniq_crazy_yiuf_cottage
D:8:      wander_guarded_unrand_ratskin, layout_gridville,
          nzn_hepliaklqana_mist_gate, uniq_maggie
Temple:   oiseaux_autumnal_temple

Skill      XL: |  1  2  3  4  5  6  7  8  9 10 |
---------------+-------------------------------+-----
Dodging        | 4 5 6 7 |  7.0
Stealth        | 1 2 3 4 5 6 8 9 |  9.0
Short Blades   | 5 6 9 11 12 | 12.3
Fighting       | 3 4 5 6 |  6.4
Armour         | 1 2 |  2.3
Throwing       | |  2.1

Action                   |  1- 3 |  4- 6 |  7- 9 | 10-12 || total
-------------------------+-------+-------+-------+-------++-------
Melee: Rapier            |    78 |   155 |   480 |   106 ||   819
Throw: Throwing net      |       |    10 |     5 |       ||    15
  Use: Potion            |       |     7 |     1 |       ||     8
       Scroll            |       |       |     8 |       ||     8
 Stab: Sleeping          |    16 |     5 |    17 |     6 ||    44
       Held in net/web   |       |     5 |     6 |       ||    11
       Distracted        |       |     2 |     5 |     1 ||     8
Armor: Leather armour    |    20 |    15 |    28 |     4 ||    67
Dodge: Dodged            |    47 |   182 |   374 |    59 ||   662
